 Dungeon Crawl Stone Soup version 0.22-a0-467-g5c5de1c (webtiles) character file.

5322 tilp the Spear-Bearer (level 10, -4/71 HPs)
             Began as a Merfolk Ice Elementalist on June 10, 2018.
             Was an Elder of Makhleb.
             Slain by Joseph
             ... wielding a +0 quarterstaff
              (7 damage)
             ... on level 9 of the Dungeon.
             The game lasted 00:37:38 (12057 turns).

tilp the Spear-Bearer (Merfolk Ice Elementalist)   Turns: 12057, Time: 00:37:39

Health: -4/71      AC: 13    Str: 15    XL:     10   Next: 64%
Magic:  11/17      EV: 16    Int: 17    God:    Makhleb [****..]
Gold:   353        SH:  0    Dex: 14    Spells: 12/18 levels left

rFire    . . .     SeeInvis +   a - +3 spear (flame)
rCold    . . .     Gourm    .   (no shield)
rNeg     . . .     Faith    .   M - +2 robe {MR+}
rPois    .         Spirit   .   w - +2 helmet
rElec    .         Reflect  .   K - +0 cloak
rCorr    .         Harm     .   (no gloves)
MR       +....                  (no boots)
Stlth    ++........             (no amulet)
HPRegen  0.21/turn              L - ring of see invisible
MPRegen  0.15/turn              (no ring)

@: mighty, icy armour, drained
A: change form in water, swift swim, stealthy swim, deformed body
a: Minor Destruction, Lesser Servant of Makhleb, Major Destruction, Renounce
Religion


You were on level 9 of the Dungeon.
You worshipped Makhleb.
Makhleb was greatly pleased with you.
You were not hungry.

You visited 1 branch of the dungeon, and saw 9 of its levels.

You collected 506 gold pieces.
You spent 153 gold pieces at shops.

Inventory:

Hand Weapons
 a - a +3 spear of flaming (weapon)
 b - a +0 hunting sling of freezing
 e - a +0 halberd
 D - a +1 glaive
 H - a +0 trident
Missiles
 d - 69 sling bullets
 x - 11 exploding tomahawks
 C - 18 tomahawks (quivered)
 N - 7 tomahawks of returning
Armour
 w - a +2 helmet (worn)
 B - a +1 leather armour of cold resistance
 K - a +0 cloak (worn)
 M - a +2 robe of magic resistance (worn)
Jewellery
 L - a ring of see invisible (left hand)
Wands
 f - a wand of polymorph (9)
 i - a wand of clouds (2)
 k - a wand of digging (7)
Scrolls
 j - 4 scrolls of amnesia
 n - a scroll of teleportation
 t - a scroll of fear {unknown}
 u - a scroll of silence {unknown}
 y - 6 scrolls of remove curse
 z - a scroll of enchant weapon
 E - a scroll of immolation
 F - a scroll of blinking {unknown}
 G - a scroll of brand weapon {unknown}
 J - a scroll of magic mapping {unknown}
 O - a scroll of summoning {unknown}
Potions
 g - a potion of brilliance
 h - a potion of cancellation {unknown}
 l - 2 potions of agility
 m - a potion of heal wounds {unknown}
 o - 2 potions of lignification
 p - 3 potions of curing
 q - 3 potions of mutation
 r - 4 potions of might
 s - 4 potions of flight {unknown}
 v - a potion of ambrosia {unknown}
 A - a potion of magic {unknown}
Comestibles
 c - 13 rations
 I - 3 chunks of flesh


   Skills:
 - Level 4.1(3.2) Fighting
 - Level 12.1(10.9) Polearms
 - Level 8.3(7.3) Dodging
 - Level 2.1(1.3) Stealth
 - Level 4.7(3.8) Spellcasting
 - Level 2.0(1.2) Conjurations
 - Level 4.2(3.3) Charms
 - Level 8.1(7.0) Ice Magic
 + Level 4.7(3.8) Invocations


You had 12 spell levels left.
You knew the following spells:

 Your Spells              Type           Power        Failure   Level  Hunger
a - Freeze                Ice            ####         1%          1    None
b - Throw Frost           Conj/Ice       ###...       4%          2    ##.....
c - Ozocubu's Armour      Chrm/Ice       ###.....     6%          3    ###....

Your spell library contained the following spells:

 Spells                   Type           Power        Failure   Level  Hunger
 Summon Ice Beast         Ice/Summ       ###.....     36%         4    ####...
 Throw Icicle             Conj/Ice       ###.....     28%         4    ####...


Dungeon Overview and Level Annotations

Branches:
Dungeon (9/15)             Temple (0/1) D:5
   Lair: D:8-11         Orc: D:9-12

Altars:
Ashenzari
Cheibriados
Dithmenos
Elyvilon
Gozag
Makhleb
Qazlal
Sif Muna
Trog
Vehumet
Wu Jian
Yredelemnul
Zin

Shops:
D:8 [

Annotations:
D:6 2 transporters
D:9 Joseph


Innate Abilities, Weirdness & Mutations

You revert to your normal form in water.
You are very nimble and swift while swimming.
You are very stealthy in the water. (Stealth+)
Armour fits poorly on your strangely shaped body.


Message History

You feel very mighty all of a sudden.
Joseph zaps a wand.
You resist with almost no effort.
Joseph hits you with an uncursed quarterstaff.
* * * LOW HITPOINT WARNING * * *
You puncture Joseph! You burn Joseph.
Joseph is heavily wounded.
Joseph misses you.
You hit Joseph. You burn Joseph.
Joseph is severely wounded.
You puncture Joseph! You burn Joseph.
Joseph is severely wounded.
Joseph zaps a wand.
You resist with almost no effort.
You barely miss Joseph.
Joseph is severely wounded.
Joseph hits you with an uncursed quarterstaff.
* * * LOW HITPOINT WARNING * * *
You puncture Joseph! You burn Joseph.
Joseph is almost dead.
Joseph hits you with an uncursed quarterstaff!
You die...

.......#
#........#
#.....
.......#
#........#
#.....
.......#
#........#
#.....
.......#
#........#
#.....
.......#
#........#
#.....
.......#
#........#
#.....
....)..#
#........#
#.....
.......#
#.....@..#
#.....
.......#
#.....@..#
#.....
.).....#
#...)(...#
#.....
.......#
#........#
#.....
.......#
#......<.#
#.....
.......#
#........#
#.....
.......#
#........#
#.....
.......#
#.>......#
#.....
.......#
#........#
#.....
.......#
#........#
#.....


You could see Joseph.

Vanquished Creatures
  A two-headed ogre (D:8)
  Maurice (D:8)
  Prince Ribbit (D:8)
  A water moccasin (D:5)
  4 ice beasts
  3 orc warriors
  A sky beast (D:7)
  A necrophage (D:6)
  A black bear (D:6)
  7 ogres
  A big kobold (D:7)
  A gnoll sergeant (D:8)
  7 bullfrogs
  4 scorpions
  5 crimson imps
  2 centaur zombies (D:9)
  2 hounds
  8 orc wizards
  2 jellies
  A centaur skeleton (D:8)
  10 orc priests
  A bullfrog skeleton (D:8)
  Ijyb (D:3)
  Terence (D:3)
  3 iguanas
  7 worker ants
  A hound zombie (D:8)
  A worker ant zombie (D:5)
  Robin (D:3)
  15 adders
  14 gnolls
  4 shadow imps
  3 oozes
  An adder zombie (D:7)
  3 adder skeletons (D:4)
  2 worms (D:2)
  7 leopard geckos
  37 orcs
  2 ball pythons
  5 giant cockroaches
  21 goblins
  13 hobgoblins
  11 jackals
  12 kobolds
  8 quokkas
  A bat (D:3)
  7 frilled lizards
  A giant cockroach zombie (D:6)
  3 rats (D:2)
250 creatures vanquished.

Vanquished Creatures (others)
  A plant (D:4)
1 creature vanquished.

Grand Total: 251 creatures vanquished

Notes
Turn   | Place    | Note
-------+----------+-------------------------------------------
     0 | D:1      | tilp the Merfolk Ice Elementalist began the quest for the Orb.
     0 | D:1      | Reached XP level 1. HP: 13/13 MP: 3/3
   408 | D:1      | Reached XP level 2. HP: 17/19 MP: 0/5
   412 | D:1      | Learned a level 2 spell: Throw Frost
   884 | D:1      | Reached XP level 3. HP: 15/24 MP: 3/6
   889 | D:1      | Learned a level 3 spell: Ozocubu's Armour
  1524 | D:2      | Reached skill level 5 in Ice Magic
  1768 | D:2      | Found a white marble altar of Elyvilon.
  1822 | D:2      | Reached XP level 4. HP: 21/30 MP: 7/7
  1964 | D:2      | Found a burning altar of Makhleb.
  1966 | D:2      | Found a radiant altar of Vehumet.
  1981 | D:2      | Became a worshipper of Makhleb the Destroyer
  2090 | D:2      | Reached XP level 5. HP: 33/35 MP: 1/8
  2231 | D:2      | Reached skill level 1 in Fighting
  2760 | D:2      | Found a bloodstained altar of Trog.
  2811 | D:2      | Reached XP level 6. HP: 38/47 MP: 3/9
  3217 | D:3      | Reached * piety under Makhleb
  3530 | D:3      | Noticed Robin
  3932 | D:3      | Killed Robin
  4130 | D:2      | Reached skill level 1 in Polearms
  4352 | D:2      | Reached skill level 2 in Polearms
  4352 | D:2      | Reached XP level 7. HP: 40/54 MP: 2/10
  4437 | D:3      | Reached skill level 3 in Polearms
  4697 | D:3      | Noticed Terence
  4709 | D:3      | Killed Terence
  4890 | D:3      | Noticed Ijyb
  4937 | D:3      | Killed Ijyb
  4937 | D:3      | Reached skill level 4 in Polearms
  4952 | D:3      | Found a deep blue altar of Sif Muna.
  5061 | D:4      | Reached ** piety under Makhleb
  5124 | D:4      | Reached skill level 5 in Polearms
  5252 | D:4      | Reached skill level 6 in Polearms
  5404 | D:4      | Reached skill level 7 in Polearms
  5445 | D:4      | Reached XP level 8. HP: 60/60 MP: 5/11
  5606 | D:4      | Reached skill level 8 in Polearms
  6321 | D:5      | Entered Level 5 of the Dungeon
  6375 | D:5      | Reached skill level 9 in Polearms
  6687 | D:5      | Reached *** piety under Makhleb
  6687 | D:5      | Reached skill level 10 in Polearms
  6921 | D:5      | Found a staircase to the Ecumenical Temple.
  6948 | D:5      | Reached skill level 11 in Polearms
  7213 | D:6      | Found a bloodstained altar of Trog.
  7248 | D:6      | Noticed a two-headed ogre
  7252 | D:6      | Found a basalt altar of Yredelemnul.
  7253 | D:6      | Found a transporter.
  7256 | D:6      | Noticed a komodo dragon
  7256 | D:6      | Noticed a troll
  7257 | D:6      | Noticed a wyvern
  7444 | D:5      | Reached skill level 12 in Polearms
  7444 | D:5      | Reached XP level 9. HP: 17/65 MP: 4/12
  7742 | D:6      | Reached skill level 5 in Dodging
  7792 | D:6      | Found a transporter.
  8647 | D:7      | Reached skill level 1 in Charms
  8765 | D:7      | Found a stormy altar of Qazlal.
  9140 | D:7      | Found a shadowy altar of Dithmenos.
  9276 | D:8      | Found Hiwnauwaets's Antique Armour Boutique.
  9281 | D:8      | Bought a colourful robe for 153 gold pieces
  9281 | D:8      | Found the colourful robe
  9290 | D:8      | Noticed Maurice
  9323 | D:8      | Killed Maurice
  9530 | D:8      | Reached XP level 10. HP: 62/71 MP: 1/13
  9533 | D:8      | Reached **** piety under Makhleb
  9533 | D:8      | Reached skill level 1 in Conjurations
  9870 | D:8      | Noticed Prince Ribbit
  9896 | D:8      | Noticed a two-headed ogre
 10125 | D:8      | Killed a two-headed ogre
 10231 | D:8      | Found a shattered altar of Ashenzari.
 10271 | D:8      | Reached skill level 1 in Invocations
 10299 | D:8      | Killed Prince Ribbit
 10364 | D:8      | Found a glowing silver altar of Zin.
 10365 | D:8      | Found an opulent altar of Gozag.
 10430 | D:8      | Found an ornate altar of the Wu Jian Council.
 10636 | D:8      | Identified the cursed -5 robe of Misfortune {-Cast *Contam *Tele *Drain EV-5 Stlth-- *Curse} (You bought it in a shop on level 8 of the Dungeon)
 10666 | D:8      | Gained mutation: Armour fits poorly on your strangely shaped body. [mutagenic glow]
 10900 | D:9      | Found a snail-covered altar of Cheibriados.
 11368 | D:9      | Noticed a two-headed ogre
 12037 | D:9      | Noticed Joseph
 12056 | D:9      | HP: 3/71 [Joseph/uncursed quarterstaff (5)]
 12057 | D:9      | Slain by Joseph

Vault maps used:
D:1:      ncdulo_wetmaze
D:2:      cheibrodos_pilgrimage, grunt_temple_overflow_open, trog_hazing_becter
D:3:      lemuel_coloured_pillars_altar, first_ration, uniq_robin, uniq_terence,
          uniq_ijyb
D:4:      wad_woods_settlement
D:5:      minmay_temple_entry_fiery
D:6:      gammafunk_temple_overflow_arena, marbit_many_paths
D:7:      nicolae_overflow_crystal_walls, nicolae_overflow_hidden_temple
D:8:      grunt_temple_overflow_gold_and_silver, evilmike_ruin_ashenzari,
          old_standard_altar, serial_shops, kennysheep_little_box,
          uniq_prince_ribbit1, uniq_maurice
D:9:      lemuel_doored_altar, uniq_joseph

Skill      XL: |  1  2  3  4  5  6  7  8  9 10 |
---------------+-------------------------------+-----
Ice Magic      | 4 5 6 8 |  8.1
Fighting       | 3 4 |  4.1
Dodging        | 4 8 |  8.3
Polearms       | 2 7 12 | 12.1
Charms         | 4 |  4.2
Conjurations   | 2 |  2.0
Spellcasting   | 4 |  4.7
Invocations    | 4 |  4.7
Stealth        | |  2.1

Action                   |  1- 3 |  4- 6 |  7- 9 | 10-12 || total
-------------------------+-------+-------+-------+-------++-------
Melee: Dagger            |    80 |    36 |     4 |       ||   120
       Short sword       |       |     6 |       |       ||     6
       Spear             |       |       |   280 |   193 ||   473
       Unarmed           |       |       |     4 |       ||     4
 Fire: Hunting sling     |       |       |    10 |       ||    10
Throw: Stone             |       |     2 |     1 |       ||     3
       Tomahawk          |       |       |     1 |     2 ||     3
 Cast: Freeze            |    41 |   117 |   129 |    29 ||   316
       Throw Frost       |     1 |     2 |     8 |     3 ||    14
       Ozocubu's Armour  |     4 |     7 |    27 |    16 ||    54
Evoke: Wand              |       |       |     2 |     6 ||     8
  Use: Scroll            |       |     5 |     7 |     6 ||    18
       Potion            |       |       |       |     1 ||     1
 Stab: Sleeping          |     1 |     6 |     9 |     2 ||    18
       Confused          |       |       |     2 |       ||     2
       Distracted        |       |       |       |     1 ||     1
  Eat: Chunk             |     4 |    11 |    19 |     8 ||    42
       Ration            |       |       |     1 |     1 ||     2
Armor: Robe              |    30 |    27 |     1 |    14 ||    72
       Leather armour    |       |       |    74 |    37 ||   111
       Skin              |       |       |     1 |       ||     1
Dodge: Dodged            |    78 |    87 |   151 |   116 ||   432

Table legend:
 A = Spawn XP
 B = Non-spawn XP
 C = Spawn XP percentage of total XP
 D = Spawn monster count
 E = Non-spawn monster count
 F = Spawn count percentage of total count
 G = Total turns spent on level
                    A         B        C        D         E        F      G
               +---------+---------+-------+---------+---------+-------+---------
         Total |       0 |    7604 |   0.0 |       0 |     250 |   0.0 | 12057
               +---------+---------+-------+---------+---------+-------+---------
           D:1 |       0 |      64 |   0.0 |       0 |      25 |   0.0 |  1716
           D:2 |       0 |     373 |   0.0 |       0 |      43 |   0.0 |  2007
           D:3 |       0 |     328 |   0.0 |       0 |      39 |   0.0 |  1325
           D:4 |       0 |     665 |   0.0 |       0 |      37 |   0.0 |  1273
           D:5 |       0 |     904 |   0.0 |       0 |      21 |   0.0 |  1240
           D:6 |       0 |     490 |   0.0 |       0 |      12 |   0.0 |   887
           D:7 |       0 |    1058 |   0.0 |       0 |      18 |   0.0 |   907
           D:8 |       0 |    3059 |   0.0 |       0 |      33 |   0.0 |  1507
           D:9 |       0 |     663 |   0.0 |       0 |      22 |   0.0 |  1195
               +---------+---------+-------+---------+---------+-------+---------
